 Dungeon Crawl Stone Soup version 0.21.1 (webtiles) character file.

7 Monsterracer the Skirmisher (level 1, 0/19 HPs)
             Began as a Draconian Abyssal Knight on Feb 3, 2018.
             Was a Follower of Lugonu.
             Slain by a bat (1 damage)
             ... on level 1 of the Dungeon.
             The game lasted 00:01:12 (133 turns).

Monsterracer the Skirmisher (DrAK)                   Turns: 133, Time: 00:01:13

Health: 0/19       AC:  4    Str: 14    XL:     1   Next: 83%
Magic:  2/2        EV: 12    Int: 12    God:    Lugonu [*.....]
Gold:   15         SH:  0    Dex: 10    Spells: 0/0 levels left

rFire    . . .     SeeInvis .     - Unarmed
rCold    . . .     Gourm    .   (no shield)
rNeg     . . .     Faith    .   (armour unavailable)
rPois    .         Spirit   .   (helmet restricted)
rElec    .         Reflect  .   (no cloak)
rCorr    .         Harm     .   (no gloves)
MR       .....                  (no boots)
Stlth    +.........             (no amulet)
HPRegen  0.06/turn              (no ring)
MPRegen  0.08/turn              (no ring)

@: no status effects
A: unfitting armour, cold-blooded, AC +4
a: Depart the Abyss, Renounce Religion


You were on level 1 of the Dungeon.
You worshipped Lugonu.
Lugonu was aware of your devotion.
You were not hungry.

You visited 1 branch of the dungeon, and saw 1 of its levels.
You visited the Abyss 1 time.

You collected 15 gold pieces.

Inventory:

Potions
 a - a potion of might {unknown}
Comestibles
 c - a ration


   Skills:
 - Level 3.2 Fighting
 - Level 2.1 Dodging
 + Level 2.6 Unarmed Combat
 - Level 2.0 Invocations


You couldn't memorise any spells.
You didn't know any spells.

Dungeon Overview and Level Annotations

Branches:
Dungeon (1/15)

Altars:


Innate Abilities, Weirdness & Mutations

Your plain brown scales are hard. (AC +4)
You cannot fit into any form of body armour.
You are cold-blooded and may be slowed by cold attacks.


Message History

The frilled lizard is heavily wounded.
The frilled lizard barely misses you.
You closely miss the frilled lizard.
The frilled lizard is heavily wounded.
The frilled lizard barely misses you.
You hit the frilled lizard.
You kill the frilled lizard!
Lugonu accepts your kill.
A kobold and a dart slug come into view.
The kobold shouts!
Found a stone staircase leading down.
A bat comes into view.
Found a dagger.
You hit the kobold.
You kill the kobold!
Lugonu accepts your kill. The bat closely misses you.
The kobold barely misses you.
A giant cockroach comes into view.
You see here a kobold corpse.
The bat completely misses you.
You see here 15 gold pieces.
You now have 15 gold pieces.
The kobold closely misses you. The kobold hits you but does no damage.
You see here a gluggy blue potion.
a - a gluggy blue potion The kobold hits you with a whip.
You take 1 damage, and have 13/19 hp.
The bat hits you but does no damage. The kobold hits you but does no damage.
The bat hits you but does no damage. The bat closely misses you.
Found a stone staircase leading down.
The bat hits you but does no damage.
Found a fuming green potion.
The bat barely misses you. The bat misses you. The bat hits you.
You take 1 damage, and have 12/19 hp.
The bat hits you but does no damage.
You open the door. The kobold barely misses you.
There is an open door here.
The kobold hits you but does no damage.
There is a stone staircase leading down here.
The bat misses you. The bat hits you but does no damage.
The bat barely misses you. The bat hits you.
You take 1 damage, and have 12/19 hp.
You barely miss the bat. The bat hits you. The bat hits you but does no damage.
You take 1 damage, and have 11/19 hp.
You barely miss the bat. The bat hits you but does no damage. The bat hits you.
You take 1 damage, and have 10/19 hp.
You hit the bat.
You kill the bat!
Lugonu accepts your kill.
You closely miss the frilled lizard.
The frilled lizard bites you but does no damage.
You miss the frilled lizard.
The frilled lizard bites you but does no damage.
You barely miss the frilled lizard.
Your tail-slap misses the frilled lizard.
The frilled lizard bites you.
* * * LOW HITPOINT WARNING * * *
You take 1 damage, and have 9/19 hp.
You hit the frilled lizard.
You kill the frilled lizard!
Lugonu accepts your kill.
You barely miss the kobold. The kobold hits you with a whip.
* * * LOW HITPOINT WARNING * * *
You take 6 damage, and have 3/19 hp.
MASSIVE DAMAGE!!
You open the door. The kobold hits you with a whip.
* * * LOW HITPOINT WARNING * * *
There is an open door here.
A hobgoblin comes into view. It is wielding a club.
The hobgoblin shouts!
The teleport trap disappears.
The hobgoblin disappears!
A hobgoblin comes into view.
A bat comes into view.
The hobgoblin shouts!
Found 9 gold pieces.
The bat barely misses you.
Found 16 gold pieces.
The bat misses you. The bat closely misses you. The bat hits you.
* * * LOW HITPOINT WARNING * * *
You take 1 damage, and have 2/19 hp.
The bat misses you. The bat barely misses you. The bat barely misses you.
You miss the bat. The bat closely misses you.
You miss the bat. The bat hits you but does no damage.
You hit the bat.
The bat is severely wounded.
The bat hits you but does no damage.
You barely miss the bat.
Your tail-slap misses the bat.
The bat is severely wounded.
The bat hits you.
* * * LOW HITPOINT WARNING * * *
The bat hits you.
You die...

#########'#####
#.........#
#....s....#
#......K..#
#.........#
#........K#
#.........# #
#........K####.#
#.......sgKb@..#
#........K######
#......$..#
#.....$...#
###########


You could see a giant cockroach, a hobgoblin, a bat and 3 kobolds.

Vanquished Creatures
  A leopard gecko (D:1)
  A giant cockroach (D:1)
  2 bats (D:1)
  2 frilled lizards (D:1)
  A kobold (D:1)
7 creatures vanquished.

Notes
Turn   | Place    | Note
-------+----------+-------------------------------------------
     0 | Abyss:1  | Monsterracer the Draconian Abyssal Knight began the quest for the Orb.
     0 | Abyss:1  | Reached XP level 1. HP: 19/19 MP: 2/2
     9 | D:1      | Escaped the Abyss
   115 | D:1      | HP: 9/19 [frilled lizard (1)]
   117 | D:1      | HP: 3/19 [kobold/whip (6)]
   126 | D:1      | HP: 2/19 [bat (1)]
   133 | D:1      | HP: 1/19 [bat (1)]
   133 | D:1      | Slain by a bat

Action                   || total
-------------------------++-------
Melee: Unarmed           ||    37
       Tailslap          ||     2
Armor: Skin              ||    24
Dodge: Dodged            ||    39

Vault maps used:
D:1:      eino_arrival_druids_welcome
